 Dungeon Crawl Stone Soup version 0.29.1-1-gd02db6906a (webtiles) character file.

Game seed: 11012849069855035867

18 Ijustatesigmund the Shield-Bearer (level 2, 0/19 HPs)
             Began as a Gargoyle Fighter on Sept 16, 2022.
             Slain by Natasha (6 damage)
             ... on level 2 of the Dungeon.
             The game lasted 00:01:22 (616 turns).

Ijustatesigmund the Shield-Bearer (Gargoyle Fighter) Turns: 616, Time: 00:01:22

Health: 0/19       AC: 14    Str: 17 (19) XL:     2   Next: 66%
Magic:  2/2        EV:  9    Int:  5 (8)  God:
Gold:   67         SH:  4    Dex:  6 (9)  Spells: 1/1 levels left

rFire   . . .      SeeInvis .   a - +0 flail
rCold   . . .      Faith    .   c - +0 buckler
rNeg    + . .      Spirit   .   b - +0 scale mail
rPois   ∞          Reflect  .   g - +1 hat
rElec   +          Harm     .   (no cloak)
rCorr   .          Rampage  .   (no gloves)
Will    .....                   (no boots)
Stlth   ..........              (no amulet)
HPRegen 0.06/turn               e - +4 ring of protection
MPRegen 0.08/turn               (no ring)

@: no status effects
A: sickness immunity, AC +2, negative energy resistance 1, electricity
resistance, torment resistance 1, petrification resistance
a: no special abilities


You were on level 2 of the Dungeon.
You visited 1 branch of the dungeon, and saw 2 of its levels.

You collected 67 gold pieces.

Inventory:

Hand Weapons
 a - a +0 flail (weapon)
Armour
 b - a +0 scale mail (worn)
 c - a +0 buckler (worn)
 g - a +1 hat (worn)
Jewellery
 e - a +4 ring of protection (left hand)
Scrolls
 f - a scroll of brand weapon {unknown}
 i - 2 scrolls of identify
 l - a scroll of torment {unknown}
Potions
 d - a potion of might
 h - a potion of degeneration
 j - a potion of flight
 k - a potion of haste


   Skills:
 + Level 3.5 Fighting
 + Level 2.3 Maces & Flails
 + Level 3.5 Armour
 + Level 3.5 Shields


You had one spell level left.
You didn't know any spells.
Your spell library was empty.

Dungeon Overview and Level Annotations

Branches:
Dungeon (2/15)

Altars:

Annotations:
D:2 Natasha


Innate Abilities, Weirdness & Mutations

You are immune to sickness and miasma.
Your stone body is resilient. (AC +2)
You are immune to poison.
You resist negative energy. (rN+)
You are resistant to electric shocks. (rElec)
You are resistant to unholy torment.
You are immune to petrification.


Message History

You barely miss the hobgoblin.
The hobgoblin hits you but does no damage.
You hit the hobgoblin.
The hobgoblin is heavily wounded.
The hobgoblin hits you.
Natasha mumbles some strange words.
The hobgoblin hits you but does no damage.
The hobgoblin hits you.
You closely miss the hobgoblin.
The hobgoblin is moderately wounded.
The hobgoblin hits you but does no damage.
The hobgoblin barely misses you.
You hit the hobgoblin.
You kill the hobgoblin!
You block Natasha's attack.
You closely miss Natasha.
Natasha mumbles some strange words.
Natasha claws you.
You barely miss Natasha. Natasha claws you but does no damage.
The crimson imp closely misses you. Natasha claws you.
You hit Natasha but do no damage.
The crimson imp blinks!
Natasha barely misses you. You block Natasha's attack.
Okay, then.
Unknown command.
It was a potion of degeneration.
There was something very wrong with that liquid.
You feel weakened.
You feel dopey.
You feel clumsy.
You feel yourself speed up.
The crimson imp blinks!
Natasha claws you but does no damage.
You barely miss Natasha. Natasha barely misses you.
The crimson imp blinks!
Natasha howls an incantation.
Natasha shimmers violently.
Natasha claws you but does no damage.
You barely miss Natasha. Natasha claws you but does no damage.
The crimson imp barely misses you.
You closely miss Natasha. The crimson imp misses you. Natasha claws you.
The crimson imp blinks!
The crimson imp barely misses you.
A rat comes into view.
You miss Natasha. Natasha claws you.
You die...

#.....<.# ###
#.......# #...
#.#.....# #...
#.#.....#
#>...#.#.......
#....#.#######..
#.......#########
#....#§5......#
#....#@######.#
#... #h# #... #.#
#.# ..# #. ...
...5 ...r #.....


You could see Natasha, 2 crimson imps and a rat.

Vanquished Creatures
  5 bats (D:1)
  A giant cockroach (D:1)
  A goblin (D:1)
  2 hobgoblins
  3 jackals (D:1)
  A kobold (D:1)
  A rat (D:1)
14 creatures vanquished.

Notes
Turn   | Place    | Note
-------+----------+-------------------------------------------
     0 | D:1      | Ijustatesigmund the Gargoyle Fighter began the quest for
                  | the Orb.
     0 | D:1      | Reached XP level 1. HP: 14/14 MP: 1/1
   286 | D:1      | Reached XP level 2. HP: 19/19 MP: 2/2
   537 | D:1      | Found a faded altar of an unknown god.
   600 | D:2      | Noticed Natasha
   607 | D:2      | Noticed a crimson imp
   610 | D:2      | Noticed a crimson imp
   616 | D:2      | Slain by Natasha

Illustrated notes

Levels and vault maps discovered:
D:1:      dpeg_arrival_rhombus, layout_basic,
          dreamdust_ecumenical_altar_angels_and_demons, interstate_on_off
D:2:      cheibrodos_helix_gallery, layout_rooms, uniq_natasha,
          uniq_crazy_yiuf_cottage

Action                   || total
-------------------------++-------
Melee: Flail             ||    48
  Use: Scroll            ||     4
       Potion            ||     1
Armor: Scale mail        ||    32
Dodge: Dodged            ||    28
Block: Buckler           ||    11
